 Dungeon Crawl Stone Soup version 0.27-a0-1324-ge0d8e047f6 (webtiles) character file.

Game seed: 8775889776423033405

238 pokeman the Magician (level 5, -11/29 HPs)
             Began as a Deep Elf Hedge Wizard on June 23, 2021.
             Killed by divine providence
             ... invoked by an orc priest
              (17 damage)
             ... on level 3 of the Dungeon.
             The game lasted 00:08:26 (4354 turns).

pokeman the Magician (Deep Elf Hedge Wizard)        Turns: 4354, Time: 00:08:27

Health: -11/29     AC:  3    Str:  7    XL:     5   Next: 78%
Magic:  7/16       EV: 12    Int: 20    God:
Gold:   104        SH:  0    Dex: 14    Spells: 6/17 levels left

rFire    . . .     SeeInvis .   q - +0 long sword
rCold    . . .     Faith    .   (no shield)
rNeg     . . .     Spirit   .   e - +0 leather armour
rPois    .         Reflect  .   c - +0 hat
rElec    .         Harm     .   (no cloak)
rCorr    .         Rampage  .   (no gloves)
Will     .....                  (no boots)
Stlth    ++........             (no amulet)
HPRegen  0.09/turn              l - ring of wizardry
MPRegen  0.15/turn              (no ring)

@: no status effects
A: no striking features
a: no special abilities


You were on level 3 of the Dungeon.
You visited 1 branch of the dungeon, and saw 3 of its levels.

You collected 104 gold pieces.

Inventory:

Hand Weapons
 q - a +0 long sword (weapon)
Missiles
 d - 42 bolts
 h - 19 arrows
Armour
 c - a +0 hat (worn)
 e - a +0 leather armour (worn)
 p - a +4 ring mail of fire resistance
Jewellery
 l - a ring of wizardry (left hand)
Wands
 j - a wand of iceblast (3)
 o - a wand of digging (4)
Scrolls
 b - a scroll of noise {unknown}
 i - 5 scrolls of identify {unknown}
 k - a scroll of brand weapon {unknown}
 n - a scroll of enchant armour {unknown}
Potions
 f - 3 potions of curing {unknown}
 g - 2 potions of invisibility {unknown}
 m - a potion of mutation {unknown}


   Skills:
 - Level 1.0 Fighting
 - Level 1.0 Armour
 - Level 3.3 Dodging
 + Level 2.4 Stealth
 * Level 6.6 Spellcasting
 + Level 2.9 Conjurations
 - Level 1.1 Summonings
 - Level 1.1 Translocations
 - Level 1.0 Fire Magic
 - Level 1.1 Air Magic
 + Level 0.1 Poison Magic


You had 6 spell levels left.
You knew the following spells:

 Your Spells              Type           Power      Damage    Failure   Level
a - Magic Dart            Conj           72%        1d6       1%          1
b - Mephitic Cloud        Conj/Pois/Air  12%        N/A       10%         3
c - Call Imp              Summ           11%        N/A       6%          2
d - Blink                 Tloc           N/A        N/A       6%          2
e - Conjure Flame         Conj/Fire      14%        6-21      8%          3

Your spell library contained the following spells:

 Spells                   Type           Power      Damage    Failure   Level
 Slow                     Hex            6%         N/A       9%          2
 Gell's Gravitas          Tloc           5%         N/A       11%         3
 Confusing Touch          Hex            6%         N/A       17%         3
 Petrify                  Tmut/Erth      6%         N/A       47%         4
 Metabolic Englaciation   Hex/Ice        3%         N/A       82%         5
 Yara's Violent Unravell  Hex/Tmut       3%         3d4       82%         5


Dungeon Overview and Level Annotations

Branches:
Dungeon (3/15)

Altars:

Annotations:
D:3 Natasha


Message History

The ball explodes into a vile cloud!
The stinking cloud engulfs Natasha but does no damage.
The stinking cloud engulfs you but does no damage.
You are engulfed in noxious fumes.
You choke on the stench!
You are confused.
You hear a shout! x2
The white imp laughs crazily.
Natasha is engulfed in noxious fumes.
Natasha appears confused.
Natasha is engulfed in noxious fumes.
Natasha appears confused.
Natasha claws you.
Unknown command.
You're too confused to move!
You are engulfed in noxious fumes.
You feel less confused. The white imp gestures at you.
The puff of frost hits you!
Natasha is engulfed in noxious fumes.
Natasha appears confused.
Natasha claws you.
Unknown command.
You hit Natasha but do no damage.
Natasha is moderately wounded.
Natasha is engulfed in noxious fumes.
Natasha appears confused.
Natasha is engulfed in noxious fumes.
Natasha appears confused.
The white imp gestures at you. The puff of frost hits you!
* * * LOW HITPOINT WARNING * * *
Casting: Mephitic Cloud (quite dangerous; 10% risk of failure)
Confirm with . or Enter, or press ? or * to list all spells.
You blink.
Unknown command.
Casting: Blink (safe; 6% risk of failure)
Confirm with . or Enter, or press ? or * to list all spells.
You blink.
The white imp disappears in a puff of smoke!
An orc priest comes into view. It is wielding a +0 hand axe.
An orc comes into view. It is wielding a +0 club.
Unknown command.
You feel yourself speed up.
The orc priest invokes the aid of Beogh against you.
Beogh smites you!
Ouch! That really hurt!
You die...

.......##.### ###..........###...
.......##..####...##.............
#......###.#....####...)....###..
#............#### #.......## #..
.......#....### #.......####.#
######........######...^...##...#
####..........)......##..###
######..#...................# #
###.<....####...@..........#..###
#...###### #####................
##### #########...........###..
#########......##............#..#
......##'......###.........#...##
......#)#...÷..##.............###
......#.#......##.........#.....#
......#.#....÷.##.#o.#...........
....#'#.#..P.P.##.#.....#........


You could see an orc priest.

Vanquished Creatures
  A centaur zombie (D:3)
  A jelly (D:3)
  Natasha (D:3)
  An orc wizard (D:3)
  4 adders
  2 worms
  2 dart slugs
  6 orcs (D:3)
  5 ball pythons
  14 endoplasms
  A giant cockroach (D:1)
  4 goblins
  4 hobgoblins (D:1)
  4 quokkas
  6 bats
  3 frilled lizards
  9 kobolds
  3 rats
71 creatures vanquished.

Vanquished Creatures (collateral kills)
  2 orcs (D:3)
  A frilled lizard (D:3)
3 creatures vanquished.

Vanquished Creatures (others)
  2 fungi (D:3)
  10 toadstools (D:3)
12 creatures vanquished.

Grand Total: 86 creatures vanquished

Notes
Turn   | Place    | Note
-------+----------+-------------------------------------------
     0 | D:1      | pokeman the Deep Elf Hedge Wizard began the quest for the
                  | Orb.
     0 | D:1      | Reached XP level 1. HP: 10/10 MP: 7/7
   290 | D:1      | Reached XP level 2. HP: 15/15 MP: 7/9
  1173 | D:2      | Found a faded altar of an unknown god.
  1176 | D:2      | Reached skill level 5 in Spellcasting
  1439 | D:2      | Reached XP level 3. HP: 20/20 MP: 1/11
  1443 | D:2      | Learned a level 3 spell: Mephitic Cloud
  1446 | D:2      | Learned a level 2 spell: Call Imp
  1449 | D:2      | Learned a level 2 spell: Blink
  1453 | D:2      | Learned a level 3 spell: Conjure Flame
  1640 | D:2      | Reached skill level 1 in Armour
  1725 | D:2      | Reached skill level 1 in Fighting
  1981 | D:2      | Reached XP level 4. HP: 25/25 MP: 7/13
  3235 | D:3      | Reached skill level 1 in Fire Magic
  3625 | D:3      | Reached skill level 6 in Spellcasting
  3625 | D:3      | Reached XP level 5. HP: 20/29 MP: 10/15
  3751 | D:3      | Noticed Natasha
  3762 | D:3      | Killed Natasha
  4055 | D:3      | Reached skill level 1 in Air Magic
  4334 | D:3      | Noticed Natasha
  4354 | D:3      | Killed from afar by an orc priest

Illustrated notes

Levels and vault maps discovered:
D:1:      dpeg_arrival_chambers_temple_mockup, layout_basic
D:2:      minmay_wonky_spiral, layout_loops_ring, serial_glass, glass_columns_c,
          glass_columns_b, glass_columns_a, glass_columns_b, glass_columns_b,
          glass_columns_a, glass_columns_a, glass_columns_a, glass_columns_b,
          glass_columns_a, glass_columns_a, glass_columns_a, glass_columns_a,
          glass_columns_a, hellmonk_ecumenical_altar_lost_god, grunt_decor_cap,
          skrybe_limestone_x
D:3:      cheibrodos_fertilizer, layout_rooms, serial_shops, nicolae_shop_trees,
          uniq_natasha

Skill      XL: |  1  2  3  4  5 |
---------------+----------------+-----
Spellcasting   | 5 6 |  6.6
Armour         | 1 |  1.0
Fighting       | 1 |  1.0
Conjurations   | 2 |  2.9
Fire Magic     | 1 |  1.0
Dodging        | 3 |  3.3
Air Magic      | 1 |  1.1
Stealth        | |  2.4
Summonings     | |  1.1
Translocations | |  1.1
Poison Magic   | |  0.1

Action                   |  1- 3 |  4- 6 || total
-------------------------+-------+-------++-------
Melee: Dagger            |     4 |    38 ||    42
       Long sword        |       |    12 ||    12
 Cast: Magic Dart        |    91 |    98 ||   189
       Mephitic Cloud    |       |     8 ||     8
       Call Imp          |       |     3 ||     3
       Conjure Flame     |       |     6 ||     6
       Blink             |       |     2 ||     2
Armor: Leather armour    |     2 |     6 ||     8
Dodge: Dodged            |    11 |    30 ||    41
       Rpst.: Long sword |       |     1 ||     1

Table legend: (Time is in decaauts)
 A = Elapsed time spent in this place.
 B = Non-inter-level travel time spent in this place.
 C = Inter-level travel time spent in this place.
 D = Time resting spent in this place.
 E = Time spent auto-exploring this place.
 F = Levels seen in this place.
 G = Mean time per level.
                   A        B        C        D        E       F      G
               +--------+--------+--------+--------+--------+-----+--------+
         Total |   4366 |   4257 |    109 |    343 |   3351 |   3 | 1455.3 |
       Dungeon |   4366 |   4257 |    109 |    343 |   3351 |   3 | 1455.3 |
               +--------+--------+--------+--------+--------+-----+--------+

Top non-repeatable levels by time:
     D:2: 1734 daAuts
     D:3: 1475 daAuts
     D:1: 1157 daAuts
